Monarchs vs Thunder

Created - February 7, 2018 at 19:43

Goals
1 2 3 T
Monarchs 0 3 1 4
Thunder 1 0 0 1
Shots
1 2 3 T
Monarchs 9 21 3 33
Thunder 7 14 6 27

1st period

1. Thunder , Pierre-Alexandre Parenteau 33 (Ryan Nugent-Hopkins 33, Dany Roussin 34) at 8:57

Penalties :
Brandon Saad (TRO) for Interference (Minor) at 16:03

2nd period

2. Monarchs , Eric Wellwood 30 (Teuvo Teravainen 14, Connor Brown 26) at 2:27 (PP)
3. Monarchs , Brock Nelson 27 (Igor Makarov 1, Chris Tierney 15) at 4:11
4. Monarchs , Tyler Toffoli 21 (Connor Brown 27, Hampus Lindholm 35) at 16:12 (PP)

Penalties :
Thomas Spelling (TRO) for Tripping (Minor) at 0:56, Ryan Nugent-Hopkins (TRO) for Hooking (Minor) at 15:59

3rd period

5. Monarchs , Igor Makarov 2 (Brock Nelson 21, Matt Tennyson 25) at 0:35

Penalties :
Ty Wishart (MAN) for Hooking (Minor) at 6:15, Jared Staal (TRO) for Hooking (Minor) at 11:09, Pierre-Alexandre Parenteau (TRO) for Roughing (Minor) at 19:30

Goalie Stats

Niklas Backstrom (MAN), 26 saves from 27 shots - (0.963), W, 17-6-4, 60:00 minutes
Connor Hellebyuk (TRO), 29 saves from 33 shots - (0.879), L, 4-2-1, 60:00 minutes

Players Stats for Monarchs

Player Name              G  A  P  +/- PIM S  H  SB GA TA FO     MP     PP MP  PK MP  
------------------------------------------------------------------------------------
Alec Martinez            0  0  0   0  0   1  0  0  0  0  0/0     6:42   0:00   0:41 
Anthony Peluso           0  0  0   0  0   0  1  0  0  0  0/0     8:26   0:00   0:00 
Boone Jenner             0  0  0   0  0   2  0  0  1  0  1/4    10:43   2:28   0:00 
Brock Nelson             1  1  2   1  0   3  0  1  0  0  2/3    15:40   2:30   0:00 
Cam Atkinson             0  0  0   0  0   4  2  0  0  0  0/2    17:46   2:30   1:07 
Chris Tierney            0  1  1   1  0   2  2  1  0  0  4/9    16:15   2:30   0:38 
Colton Parayko           0  0  0   1  0   0  0  0  0  0  0/0    17:51   0:00   0:41 
Connor Brown             0  2  2   0  0   3  1  1  0  0  1/4    19:27   3:41   0:00 
Eric Wellwood            1  0  1   0  0   4  2  0  1  0  2/3    19:39   2:28   0:52 
Hampus Lindholm          0  1  1   1  0   1  0  2  1  0  0/0    22:17   3:43   1:18 
Igor Makarov             1  1  2   1  0   1  4  1  1  1  0/1    13:25   0:00   0:00 
Ludwig Bystrom           0  0  0   0  0   0  0  0  0  1  0/0     6:01   0:00   0:00 
Matt Tennyson            0  1  1   1  0   1  1  0  0  0  0/0    18:04   0:00   1:18 
Morgan Rielly            0  0  0   1  0   0  1  0  0  0  0/0    20:23   3:43   0:00 
Riley Cote               0  0  0   0  0   0  0  1  2  0  1/1    10:13   0:25   1:18 
T.J Brodie               0  0  0  -1  0   0  0  2  0  0  0/0    11:15   0:00   0:00 
Teuvo Teravainen         0  1  1   0  0   4  0  0  0  0  0/0    17:54   3:16   0:00 
Tom Pyatt                0  0  0   0  0   1  0  2  2  1  7/14   15:14   0:00   0:03 
Ty Wishart               0  0  0  -1  2   0  1  1  0  0  0/0    11:20   0:00   0:00 
Tyler Toffoli            1  0  1   0  0   6  4  0  0  1  14/26  19:25   3:41   0:00 

Players Stats for Thunder

Player Name              G  A  P  +/- PIM S  H  SB GA TA FO     MP     PP MP  PK MP  
------------------------------------------------------------------------------------
Adam Larsson             0  0  0  -1  0   3  0  1  0  1  0/0    27:29   1:10   3:12 
Austin Wuthrich          0  0  0   0  0   0  1  0  0  0  0/0     6:42   0:00   0:00 
Brandon Saad             0  0  0   1  2   1  0  0  0  0  0/0    20:10   0:00   0:22 
Brett Festerling         0  0  0   0  0   0  1  0  0  0  0/0    13:12   0:00   0:00 
Dany Roussin             0  1  1  -1  0   2  2  1  3  2  0/1    19:44   1:02   4:00 
Daultan Leveillé         0  0  0  -1  0   0  3  0  0  0  4/7    11:02   1:02   0:00 
David Fischer            0  0  0  -1  0   0  0  2  0  2  0/0    27:29   1:10   3:12 
Jared Staal              0  0  0  -1  2   0  1  0  0  0  1/2    16:35   1:02   0:00 
Jay Beagle               0  0  0  -1  0   3  1  0  1  1  8/10   17:06   0:00   1:20 
Joey Ryan                0  0  0   0  0   1  0  3  0  0  0/0    19:19   0:49   2:59 
Mike Hoffman             0  0  0  -1  0   7  0  1  0  0  0/3    17:12   0:00   0:51 
Peter Andersson          0  0  0   0  0   1  0  0  0  1  0/0    13:12   0:00   0:00 
Pierre-Alexandre Parente 1  0  1   1  2   5  2  1  0  0  0/3    21:40   0:57   1:20 
Ryan Nugent-Hopkins      0  1  1   1  2   3  3  0  0  1  18/29  21:28   0:57   0:34 
Scott Parse              0  0  0   0  0   1  1  0  0  0  3/9     5:24   0:57   3:55 
Thomas Spelling          0  0  0  -1  2   0  0  0  0  0  0/0     9:59   0:00   0:00 
Zach Redmond             0  0  0   0  0   0  1  1  0  0  0/0    19:19   0:49   2:59 
Zach Stepan              0  0  0   0  0   0  0  0  0  0  1/3     6:42   0:00   0:00 

3 Stars

1 - Igor Makarov (MAN)
2 - Brock Nelson (MAN)
3 - Niklas Backstrom (MAN)

Power Play

Monarchs - 2 on 5 Attempt(s) - 40.00%
Thunder - 0 on 1 Attempt(s) - 0.00%

Penalty Kill

Monarchs - 1 on 1 Attempt(s) - 100.00% - Score 0 goal in Penalty Kill
Thunder - 3 on 5 Attempt(s) - 60.00% - Score 0 goal in Penalty Kill

Team Stat

Monarchs - Hits : 19 - Faceoff Wins : 32 - Blocked Shots : 12 - Penalty Minutes : 2
Thunder - Hits : 16 - Faceoff Wins : 35 - Blocked Shots : 10 - Penalty Minutes : 10

Official

Referees : Banfield David and Morton Dean
Linesman : Steve Miller and Ryan Galloway

Game Notes

No Game Note

Finance

Level 1 -- Attendance: 1537 (76.85%) -- Ticket Income $61,480
Level 2 -- Attendance: 788 (78.80%) -- Ticket Income $15,760
Total Attendance: 2325 (77.50%)
Total Ticket Income: $77,240
Other Income: $3,862
Total Income: $81,102

Monarchs

5 vs 5 Forward 
   Center                   Left Wing                Right Wing               Time % Phy DF OF 
 1 Tyler Toffoli            Eric Wellwood            Connor Brown             35     1   1  3  
 2 Tom Pyatt                Teuvo Teravainen         Cam Atkinson             30     0   2  3  
 3 Chris Tierney            Brock Nelson             Igor Makarov             30     1   2  2  
 4 Boone Jenner             Riley Cote               Anthony Peluso           5      1   1  3  

5 vs 5 Defense 
   Defense                  Defense                                           Time % Phy DF OF 
 1 Hampus Lindholm          Colton Parayko                                    35     0   3  2  
 2 Matt Tennyson            Morgan Rielly                                     35     1   2  2  
 3 Ty Wishart               T.J Brodie                                        20     0   4  1  
 4 Ludwig Bystrom           Alec Martinez                                     10     1   3  1  

PowerPlay Forward 
   Center                   Left Wing                Right Wing               Time % Phy DF OF 
 1 Tyler Toffoli            Teuvo Teravainen         Connor Brown             60     0   1  4  
 2 Chris Tierney            Brock Nelson             Cam Atkinson             40     0   1  4  

PowerPlay Defense
   Defense                  Defense                                           Time % Phy DF OF 
 1 Morgan Rielly            Hampus Lindholm                                   60     0   2  3  
 2 Boone Jenner             Eric Wellwood                                     40     0   2  3  

Penalty Kill 4 Players Forward 
   Center                   Wing                     Time % Phy DF OF 
 1 Riley Cote               Cam Atkinson             60     0   4  1  
 2 Eric Wellwood            Tom Pyatt                40     0   4  1  

Penalty Kill 4 Players Defense
   Defense                  Defense                  Time % Phy DF OF 
 1 Ty Wishart               Matt Tennyson            60     1   4  0  
 2 Alec Martinez            Colton Parayko           40     1   4  0  

Penalty Kill - 3 Players Forward 
   Forward                                           Time % Phy DF OF 
 1 Riley Cote                                        60     1   2  2  
 2 Chris Tierney                                     40     1   2  2  

Penalty Kill - 3 Players Defense
   Defense                  Defense                  Time % Phy DF OF 
 1 Matt Tennyson            Ty Wishart               60     1   2  2  
 2 Alec Martinez            Colton Parayko           40     1   2  2  

4 vs 4 Forward 
   Center                   Wing                     Time % Phy DF OF 
 1 Tyler Toffoli            Eric Wellwood            60     1   2  2  
 2 Connor Brown             Cam Atkinson             40     1   2  2  

4 vs 4 Defense
   Defense                  Defense                  Time % Phy DF OF 
 1 Hampus Lindholm          Colton Parayko           60     1   2  2  
 2 Alec Martinez            Matt Tennyson            40     1   2  2  

Last Minutes Offensive
   Center                   Left Wing                Right Wing               Defense                  Defense                  
   Tyler Toffoli            Teuvo Teravainen         Connor Brown             Hampus Lindholm          Morgan Rielly            

Last Minutes Defensive
   Center                   Left Wing                Right Wing               Defense                  Defense                  
   Chris Tierney            Riley Cote               Cam Atkinson             Alec Martinez            Matt Tennyson            

Goaltenders
Starting : Niklas Backstrom         
Backup : John Gibson              

Extra Forwards
Normal : Riley Cote, Teuvo Teravainen, Connor Brown - PP : Riley Cote, Igor Makarov - PK : Chris Tierney
Extra Defensemen
Normal : Hampus Lindholm, Morgan Rielly, Matt Tennyson - PP : Colton Parayko - PK : Hampus Lindholm, Ludwig Bystrom
Penalty Shots
Brock Nelson, Riley Cote, Cam Atkinson, Igor Makarov, Boone Jenner

Scratches
Christophe Lalancette (Healthy), Dalton Smith (Healthy), Jamie McGinn (Healthy), Tyler McNeely (Healthy), Ryan White (Healthy)
Trevor Lewis (Healthy), Jake Muzzin (Healthy), Jeff Frazee (Healthy), Tyler Beskorowany (Healthy)

Thunder

5 vs 5 Forward 
   Center                   Left Wing                Right Wing               Time % Phy DF OF 
 1 Ryan Nugent-Hopkins      Brandon Saad             Pierre-Alexandre Parentea40     1   2  2  
 2 Jay Beagle               Mike Hoffman             Jared Staal              30     1   2  2  
 3 Daultan Leveillé         Dany Roussin             Thomas Spelling          20     1   2  2  
 4 Zach Stepan              Dany Roussin             Austin Wuthrich          10     1   2  2  

5 vs 5 Defense 
   Defense                  Defense                                           Time % Phy DF OF 
 1 Adam Larsson             David Fischer                                     40     1   2  2  
 2 Joey Ryan                Zach Redmond                                      30     1   2  2  
 3 Brett Festerling         Peter Andersson                                   20     1   2  2  
 4 Adam Larsson             David Fischer                                     10     1   2  2  

PowerPlay Forward 
   Center                   Left Wing                Right Wing               Time % Phy DF OF 
 1 Ryan Nugent-Hopkins      Scott Parse              Pierre-Alexandre Parentea60     1   2  2  
 2 Daultan Leveillé         Dany Roussin             Jared Staal              40     1   2  2  

PowerPlay Defense
   Defense                  Defense                                           Time % Phy DF OF 
 1 Adam Larsson             David Fischer                                     60     1   2  2  
 2 Joey Ryan                Zach Redmond                                      40     1   2  2  

Penalty Kill 4 Players Forward 
   Center                   Wing                     Time % Phy DF OF 
 1 Scott Parse              Dany Roussin             60     1   2  2  
 2 Pierre-Alexandre ParenteaJay Beagle               40     1   2  2  

Penalty Kill 4 Players Defense
   Defense                  Defense                  Time % Phy DF OF 
 1 Adam Larsson             David Fischer            60     1   2  2  
 2 Joey Ryan                Zach Redmond             40     1   2  2  

Penalty Kill - 3 Players Forward 
   Forward                                           Time % Phy DF OF 
 1 Scott Parse                                       60     1   2  2  
 2 Dany Roussin                                      40     1   2  2  

Penalty Kill - 3 Players Defense
   Defense                  Defense                  Time % Phy DF OF 
 1 Adam Larsson             David Fischer            60     1   2  2  
 2 Joey Ryan                Zach Redmond             40     1   2  2  

4 vs 4 Forward 
   Center                   Wing                     Time % Phy DF OF 
 1 Ryan Nugent-Hopkins      Dany Roussin             60     1   2  2  
 2 Pierre-Alexandre ParenteaJay Beagle               40     1   2  2  

4 vs 4 Defense
   Defense                  Defense                  Time % Phy DF OF 
 1 Adam Larsson             David Fischer            60     1   2  2  
 2 Joey Ryan                Zach Redmond             40     1   2  2  

Last Minutes Offensive
   Center                   Left Wing                Right Wing               Defense                  Defense                  
   Jay Beagle               Scott Parse              Pierre-Alexandre ParenteaAdam Larsson             David Fischer            

Last Minutes Defensive
   Center                   Left Wing                Right Wing               Defense                  Defense                  
   Jay Beagle               Scott Parse              Pierre-Alexandre ParenteaAdam Larsson             David Fischer            

Goaltenders
Starting : Connor Hellebyuk         
Backup : Devan Dubnyk             

Extra Forwards
Normal : Mike Hoffman, Ryan Nugent-Hopkins, Brandon Saad - PP : Mike Hoffman, Ryan Nugent-Hopkins - PK : Brandon Saad
Extra Defensemen
Normal : Brett Festerling, Peter Andersson, Joey Ryan - PP : Brett Festerling - PK : Peter Andersson, Joey Ryan
Penalty Shots
Scott Parse, Dany Roussin, Pierre-Alexandre Parenteau, Jay Beagle, Daultan Leveillé

Scratches
David Wolf (Healthy), Nikolay Prokhorkin (Healthy), Joe Labate (Healthy), Mikko Vainonen (Healthy), Gianluca Curcuruto (Healthy)
Niklas Treutle (Healthy)

% Time on Ice - Monarchs

Lines # - Real PCT - Wanted PCT - Time Play
Normal Forward
1 - 30% - 35% - 15:31
2 - 28% - 30% - 14:28
3 - 26% - 30% - 13:25
4 - 16% - 5% - 8:26
Normal Defense
1 - 33% - 35% - 17:16
2 - 33% - 35% - 17:18
3 - 22% - 20% - 11:15
4 - 12% - 10% - 6:01
PP Forward
1 - 60% - 60% - 3:41
2 - 40% - 40% - 2:30
PP Defense
1 - 60% - 60% - 3:43
2 - 40% - 40% - 2:28
PK Forward
1 - 97% - 60% - 1:56
2 - 3% - 40% - 0:03
PK Defense
1 - 66% - 60% - 1:18
2 - 34% - 40% - 0:41
PK3 Forward
1 - 0% - 60%
2 - 0% - 40%
PK3 Defense
1 - 0% - 60%
2 - 0% - 40%
44 Forward
1 - 0% - 60%
2 - 0% - 40%
44 Defense
1 - 0% - 60%
2 - 0% - 40%
Last Minute Offensive  - 0:00
Last Minute Defensive  - 0:00
Total
Forward - 60:00
Defense - 60:00

% Time on Ice - Thunder

Lines # - Real PCT - Wanted PCT - Time Play
Normal Forward
1 - 37% - 40% - 19:22
2 - 30% - 30% - 15:46
3 - 19% - 20% - 10:00
4 - 13% - 10% - 6:42
Normal Defense
1 - 35% - 40% - 18:18
2 - 30% - 30% - 15:31
3 - 25% - 20% - 13:12
4 - 9% - 10% - 4:49
PP Forward
1 - 48% - 60% - 0:57
2 - 52% - 40% - 1:02
PP Defense
1 - 59% - 60% - 1:10
2 - 41% - 40% - 0:49
PK Forward
1 - 78% - 60% - 4:51
2 - 22% - 40% - 1:20
PK Defense
1 - 52% - 60% - 3:12
2 - 48% - 40% - 2:59
PK3 Forward
1 - 0% - 60%
2 - 0% - 40%
PK3 Defense
1 - 0% - 60%
2 - 0% - 40%
44 Forward
1 - 0% - 60%
2 - 0% - 40%
44 Defense
1 - 0% - 60%
2 - 0% - 40%
Last Minute Offensive  - 0:00
Last Minute Defensive  - 0:00
Total
Forward - 60:00
Defense - 60:00

Play by Play

1st period


0:01 of 1st period - Ryan Nugent-Hopkins wins face-off versus Tyler Toffoli in neutral zone.
0:33 of 1st period - Snap shot by Cam Atkinson.
0:33 of 1st period - Shot Misses the Net.
0:47 of 1st period - Snap shot by Dany Roussin.
0:47 of 1st period - Shot Misses the Net.
0:56 of 1st period - Off-side.
0:57 of 1st period - Ryan Nugent-Hopkins wins face-off versus Boone Jenner in neutral zone.
1:04 of 1st period - Snap shot by Pierre-Alexandre Parenteau.
1:04 of 1st period - Shot Blocked by Riley Cote.
1:06 of 1st period - Snap shot by Pierre-Alexandre Parenteau.
1:06 of 1st period - Shot Misses the Net.
1:08 of 1st period - Wrist shot by Peter Andersson.
1:08 of 1st period - Shot Misses the Net.
1:10 of 1st period - Snap shot by Pierre-Alexandre Parenteau.
1:10 of 1st period - Stopped by Niklas Backstrom with a rebound.
1:12 of 1st period - Slapshot by Brett Festerling.
1:12 of 1st period - Shot Misses the Net.
3:55 of 1st period - Wrist shot by Brandon Saad.
3:55 of 1st period - Stopped by Niklas Backstrom without a rebound.
3:56 of 1st period - Ryan Nugent-Hopkins wins face-off versus Chris Tierney in Monarchs zone.
4:21 of 1st period - Tyler Toffoli is hit by Jared Staal and loses puck.
4:54 of 1st period - David Fischer is hit by Cam Atkinson and loses puck.
5:04 of 1st period - Off-side.
5:05 of 1st period - Chris Tierney wins face-off versus Ryan Nugent-Hopkins in neutral zone.
5:12 of 1st period - Snap shot by Igor Makarov.
5:12 of 1st period - Shot Misses the Net.
5:14 of 1st period - Wrist shot by Chris Tierney.
5:14 of 1st period - Stopped by Connor Hellebyuk with a rebound.
5:18 of 1st period - Snap shot by Igor Makarov.
5:18 of 1st period - Shot Misses the Net.
5:37 of 1st period - Snap shot by Mike Hoffman.
5:37 of 1st period - Stopped by Niklas Backstrom with a rebound.
7:57 of 1st period - Icing by Colton Parayko.
7:58 of 1st period - Tyler Toffoli wins face-off versus Jared Staal in Monarchs zone.
8:03 of 1st period - Snap shot by Eric Wellwood.
8:03 of 1st period - Stopped by Connor Hellebyuk without a rebound.
8:04 of 1st period - Ryan Nugent-Hopkins wins face-off versus Tyler Toffoli in Thunder zone.
8:11 of 1st period - T.J Brodie is hit by Ryan Nugent-Hopkins and loses puck.
8:30 of 1st period - Slapshot by Jay Beagle.
8:30 of 1st period - Shot Blocked by T.J Brodie.
8:38 of 1st period - Slapshot by Mike Hoffman.
8:38 of 1st period - Shot Misses the Net.
8:40 of 1st period - Snap shot by Adam Larsson.
8:40 of 1st period - Stopped by Niklas Backstrom with a rebound.
8:47 of 1st period - Icing by T.J Brodie.
8:48 of 1st period - Daultan Leveillé wins face-off versus Chris Tierney in Monarchs zone.
8:53 of 1st period - Slapshot by Ryan Nugent-Hopkins.
8:53 of 1st period - Stopped by Niklas Backstrom with a rebound.
8:55 of 1st period - Wrist shot by Pierre-Alexandre Parenteau.
8:55 of 1st period - Shot Misses the Net.
8:57 of 1st period - Backhand shot by Pierre-Alexandre Parenteau.
8:57 of 1st period - Goal by Pierre-Alexandre Parenteau - Monarchs : 0 - Thunder : 1.
8:58 of 1st period - Ryan Nugent-Hopkins wins face-off versus Tom Pyatt in neutral zone.
9:51 of 1st period - Snap shot by Boone Jenner.
9:51 of 1st period - Stopped by Connor Hellebyuk without a rebound.
9:52 of 1st period - Eric Wellwood wins face-off versus Ryan Nugent-Hopkins in Thunder zone.
9:59 of 1st period - Snap shot by Pierre-Alexandre Parenteau.
9:59 of 1st period - Shot Blocked by T.J Brodie.
10:04 of 1st period - Off-side.
10:05 of 1st period - Tom Pyatt wins face-off versus Ryan Nugent-Hopkins in neutral zone.
10:41 of 1st period - Matt Tennyson is hit by Zach Redmond and loses puck.
12:30 of 1st period - Snap shot by Boone Jenner.
12:30 of 1st period - Shot Misses the Net.
12:36 of 1st period - Snap shot by Riley Cote.
12:36 of 1st period - Shot Misses the Net.
12:38 of 1st period - Snap shot by Alec Martinez.
12:38 of 1st period - Shot Hit the Post.
12:52 of 1st period - Snap shot by Teuvo Teravainen.
12:52 of 1st period - Stopped by Connor Hellebyuk with a rebound.
13:16 of 1st period - Eric Wellwood is hit by Pierre-Alexandre Parenteau and loses puck.
13:38 of 1st period - Off-side.
13:39 of 1st period - Boone Jenner wins face-off versus Daultan Leveillé in neutral zone.
13:45 of 1st period - Off-side.
13:46 of 1st period - Ryan Nugent-Hopkins wins face-off versus Tom Pyatt in neutral zone.
14:01 of 1st period - Slapshot by Pierre-Alexandre Parenteau.
14:01 of 1st period - Deflect By Brandon Saad.
14:01 of 1st period - Shot Blocked by Tom Pyatt.
14:01 of 1st period - Puck is out of play.
14:02 of 1st period - Tyler Toffoli wins face-off versus Dany Roussin in Monarchs zone.
14:35 of 1st period - Wrist shot by Brock Nelson.
14:35 of 1st period - Stopped by Connor Hellebyuk without a rebound.
14:36 of 1st period - Tom Pyatt wins face-off versus Ryan Nugent-Hopkins in Thunder zone.
14:47 of 1st period - Wrist shot by Teuvo Teravainen.
14:47 of 1st period - Stopped by Connor Hellebyuk with a rebound.
15:22 of 1st period - Snap shot by Cam Atkinson.
15:22 of 1st period - Shot Blocked by Zach Redmond.
15:32 of 1st period - Snap shot by Tom Pyatt.
15:32 of 1st period - Shot Misses the Net.
15:34 of 1st period - Snap shot by Cam Atkinson.
15:34 of 1st period - Stopped by Connor Hellebyuk with a rebound.
15:36 of 1st period - Snap shot by Teuvo Teravainen.
15:36 of 1st period - Shot Misses the Net.
15:38 of 1st period - Snap shot by Tom Pyatt.
15:38 of 1st period - Shot Misses the Net.
15:46 of 1st period - Snap shot by Tom Pyatt.
15:46 of 1st period - Stopped by Connor Hellebyuk without a rebound.
15:47 of 1st period - Brock Nelson wins face-off versus Ryan Nugent-Hopkins in Thunder zone.
15:54 of 1st period - Snap shot by Ryan Nugent-Hopkins.
15:54 of 1st period - Stopped by Niklas Backstrom with a rebound.
16:03 of 1st period - Minor Penalty to Brandon Saad for Interference.
16:04 of 1st period - Tyler Toffoli wins face-off versus Scott Parse in Thunder zone.
16:05 of 1st period - Slapshot by Connor Brown.
16:05 of 1st period - Stopped by Connor Hellebyuk with a rebound.
17:41 of 1st period - Zach Redmond is hit by Chris Tierney and loses puck.
18:03 of 1st period - Penalty to Brandon Saad is over, Brandon Saad is back on ice.
18:09 of 1st period - Pierre-Alexandre Parenteau is hit by Eric Wellwood and loses puck.
18:16 of 1st period - Pierre-Alexandre Parenteau is hit by Anthony Peluso and loses puck.
18:33 of 1st period - Igor Makarov is hit by Dany Roussin and loses puck.
19:11 of 1st period - Off-side.
19:12 of 1st period - Tyler Toffoli wins face-off versus Zach Stepan in neutral zone.
19:15 of 1st period - Adam Larsson is hit by Ty Wishart and loses puck.
19:29 of 1st period - Icing by Zach Stepan.
19:30 of 1st period - Jay Beagle wins face-off versus Igor Makarov in Thunder zone.
19:30 of 1st period - Jay Beagle is hit by Igor Makarov.
19:55 of 1st period - Brandon Saad is hit by Tyler Toffoli and loses puck.
Goals for this period are 0 for Monarchs vs 1 for Thunder.
Shots for this period are 9 for Monarchs vs 7 for Thunder.

2nd period


0:01 of 2nd period - Ryan Nugent-Hopkins wins face-off versus Tyler Toffoli in neutral zone.
0:16 of 2nd period - Slapshot by Ryan Nugent-Hopkins.
0:16 of 2nd period - Shot Misses the Net.
0:26 of 2nd period - Igor Makarov is hit by Jay Beagle and loses puck.
0:47 of 2nd period - Snap shot by Cam Atkinson.
0:47 of 2nd period - Shot Blocked by Joey Ryan.
0:49 of 2nd period - Slapshot by Matt Tennyson.
0:49 of 2nd period - Stopped by Connor Hellebyuk with a rebound.
0:56 of 2nd period - Minor Penalty to Thomas Spelling for Tripping.
0:57 of 2nd period - Scott Parse wins face-off versus Connor Brown in Thunder zone.
1:23 of 2nd period - Adam Larsson is hit by Eric Wellwood and loses puck.
1:33 of 2nd period - Icing by Boone Jenner.
1:34 of 2nd period - Brock Nelson wins face-off versus Pierre-Alexandre Parenteau in Monarchs zone.
1:41 of 2nd period - Snap shot by Pierre-Alexandre Parenteau.
1:41 of 2nd period - Stopped by Niklas Backstrom without a rebound.
1:42 of 2nd period - Scott Parse wins face-off versus Tyler Toffoli in Monarchs zone.
1:45 of 2nd period - Backhand shot by Scott Parse.
1:45 of 2nd period - Stopped by Niklas Backstrom without a rebound.
1:46 of 2nd period - Tyler Toffoli wins face-off versus Scott Parse in Monarchs zone.
2:01 of 2nd period - Tyler Toffoli is hit by Scott Parse.
2:11 of 2nd period - Wrist shot by Cam Atkinson.
2:11 of 2nd period - Deflect By Brock Nelson.
2:11 of 2nd period - Shot Blocked by David Fischer.
2:11 of 2nd period - Puck is out of play.
2:12 of 2nd period - Scott Parse wins face-off versus Chris Tierney in Thunder zone.
2:21 of 2nd period - Wrist shot by Brock Nelson.
2:21 of 2nd period - Stopped by Connor Hellebyuk without a rebound.
2:22 of 2nd period - Tyler Toffoli wins face-off versus Scott Parse in Thunder zone.
2:25 of 2nd period - Wrist shot by Teuvo Teravainen.
2:25 of 2nd period - Stopped by Connor Hellebyuk with a rebound.
2:27 of 2nd period - Slapshot by Eric Wellwood.
2:27 of 2nd period - Goal by Eric Wellwood - Monarchs : 1 - Thunder : 1.
2:28 of 2nd period - Tyler Toffoli wins face-off versus Pierre-Alexandre Parenteau in neutral zone.
2:33 of 2nd period - Slapshot by Tyler Toffoli.
2:33 of 2nd period - Stopped by Connor Hellebyuk without a rebound.
2:34 of 2nd period - Ryan Nugent-Hopkins wins face-off versus Tyler Toffoli in Thunder zone.
2:48 of 2nd period - Wrist shot by Eric Wellwood.
2:48 of 2nd period - Shot Misses the Net.
2:56 of 2nd period - Backhand shot by Ryan Nugent-Hopkins.
2:56 of 2nd period - Shot Misses the Net.
2:58 of 2nd period - Slapshot by David Fischer.
2:58 of 2nd period - Shot Blocked by Hampus Lindholm.
3:00 of 2nd period - Wrist shot by Adam Larsson.
3:00 of 2nd period - Stopped by Niklas Backstrom without a rebound.
3:01 of 2nd period - Chris Tierney wins face-off versus Mike Hoffman in Monarchs zone.
3:16 of 2nd period - Jay Beagle is hit by Igor Makarov.
3:57 of 2nd period - Snap shot by Tyler Toffoli.
3:57 of 2nd period - Stopped by Connor Hellebyuk with a rebound.
3:59 of 2nd period - Slapshot by Hampus Lindholm.
3:59 of 2nd period - Shot Blocked by Adam Larsson.
4:01 of 2nd period - Slapshot by Colton Parayko.
4:01 of 2nd period - Deflect By Connor Brown.
4:01 of 2nd period - Stopped by Connor Hellebyuk without a rebound.
4:02 of 2nd period - Chris Tierney wins face-off versus Mike Hoffman in Thunder zone.
4:03 of 2nd period - Slapshot by Brock Nelson.
4:03 of 2nd period - Shot Misses the Net.
4:05 of 2nd period - Slapshot by Hampus Lindholm.
4:05 of 2nd period - Shot Blocked by Joey Ryan.
4:07 of 2nd period - Wrist shot by Chris Tierney.
4:07 of 2nd period - Stopped by Connor Hellebyuk with a rebound.
4:09 of 2nd period - Slapshot by Igor Makarov.
4:09 of 2nd period - Shot Blocked by Joey Ryan.
4:11 of 2nd period - Wrist shot by Brock Nelson.
4:11 of 2nd period - Goal by Brock Nelson - Monarchs : 2 - Thunder : 1.
4:12 of 2nd period - Tyler Toffoli wins face-off versus Ryan Nugent-Hopkins in neutral zone.
4:21 of 2nd period - Slapshot by Connor Brown.
4:21 of 2nd period - Deflect By Tyler Toffoli.
4:21 of 2nd period - Stopped by Connor Hellebyuk with a rebound.
5:02 of 2nd period - Teuvo Teravainen is hit by Daultan Leveillé and loses puck.
5:14 of 2nd period - Icing by Dany Roussin.
5:15 of 2nd period - Daultan Leveillé wins face-off versus Boone Jenner in Thunder zone.
5:40 of 2nd period - Joey Ryan is hit by Igor Makarov and loses puck.
6:07 of 2nd period - Wrist shot by Jay Beagle.
6:07 of 2nd period - Shot Misses the Net.
6:09 of 2nd period - Snap shot by Jared Staal.
6:09 of 2nd period - Deflect By Jay Beagle.
6:09 of 2nd period - Stopped by Niklas Backstrom without a rebound.
6:10 of 2nd period - Jay Beagle wins face-off versus Tyler Toffoli in Monarchs zone.
6:11 of 2nd period - Snap shot by Mike Hoffman.
6:11 of 2nd period - Stopped by Niklas Backstrom with a rebound.
6:13 of 2nd period - Slapshot by David Fischer.
6:13 of 2nd period - Shot Misses the Net.
6:15 of 2nd period - Wrist shot by Jay Beagle.
6:15 of 2nd period - Shot Blocked by Hampus Lindholm.
6:17 of 2nd period - Snap shot by Mike Hoffman.
6:17 of 2nd period - Stopped by Niklas Backstrom with a rebound.
6:19 of 2nd period - Slapshot by Mike Hoffman.
6:19 of 2nd period - Shot Hit the Post.
6:21 of 2nd period - Slapshot by Mike Hoffman.
6:21 of 2nd period - Shot Blocked by Connor Brown.
6:23 of 2nd period - Backhand shot by Adam Larsson.
6:23 of 2nd period - Stopped by Niklas Backstrom without a rebound.
6:24 of 2nd period - Connor Brown wins face-off versus Daultan Leveillé in Monarchs zone.
7:03 of 2nd period - Wrist shot by Ryan Nugent-Hopkins.
7:03 of 2nd period - Stopped by Niklas Backstrom without a rebound.
7:04 of 2nd period - Jared Staal wins face-off versus Chris Tierney in Monarchs zone.
7:05 of 2nd period - Wrist shot by Jay Beagle.
7:05 of 2nd period - Shot Blocked by Brock Nelson.
7:17 of 2nd period - Icing by Jared Staal.
7:18 of 2nd period - Jay Beagle wins face-off versus Eric Wellwood in Thunder zone.
7:25 of 2nd period - Jay Beagle is hit by Tyler Toffoli and loses puck.
7:42 of 2nd period - Snap shot by Jay Beagle.
7:42 of 2nd period - Stopped by Niklas Backstrom without a rebound.
7:43 of 2nd period - Ryan Nugent-Hopkins wins face-off versus Tom Pyatt in Monarchs zone.
8:08 of 2nd period - Dany Roussin is hit by Tyler Toffoli and loses puck.
8:15 of 2nd period - Slapshot by Peter Andersson.
8:15 of 2nd period - Stopped by Niklas Backstrom without a rebound.
8:16 of 2nd period - Tyler Toffoli wins face-off versus Ryan Nugent-Hopkins in Monarchs zone.
8:25 of 2nd period - Wrist shot by Connor Brown.
8:25 of 2nd period - Shot Misses the Net.
8:27 of 2nd period - Snap shot by Eric Wellwood.
8:27 of 2nd period - Stopped by Connor Hellebyuk without a rebound.
8:28 of 2nd period - Ryan Nugent-Hopkins wins face-off versus Tyler Toffoli in Thunder zone.
8:37 of 2nd period - Slapshot by Hampus Lindholm.
8:37 of 2nd period - Deflect By Tyler Toffoli.
8:37 of 2nd period - Stopped by Connor Hellebyuk with a rebound.
8:58 of 2nd period - Snap shot by Jay Beagle.
8:58 of 2nd period - Deflect By Mike Hoffman.
8:58 of 2nd period - Shot Misses the Net.
8:58 of 2nd period - Puck is out of play.
8:59 of 2nd period - Daultan Leveillé wins face-off versus Brock Nelson in Monarchs zone.
9:31 of 2nd period - Wrist shot by Pierre-Alexandre Parenteau.
9:31 of 2nd period - Shot Misses the Net.
9:33 of 2nd period - Snap shot by Pierre-Alexandre Parenteau.
9:33 of 2nd period - Shot Misses the Net.
9:45 of 2nd period - Wrist shot by Jay Beagle.
9:45 of 2nd period - Deflect By Mike Hoffman.
9:45 of 2nd period - Stopped by Niklas Backstrom without a rebound.
9:46 of 2nd period - Tyler Toffoli wins face-off versus Jay Beagle in Monarchs zone.
9:51 of 2nd period - Snap shot by Mike Hoffman.
9:51 of 2nd period - Stopped by Niklas Backstrom without a rebound.
9:52 of 2nd period - Ryan Nugent-Hopkins wins face-off versus Tyler Toffoli in Monarchs zone.
9:55 of 2nd period - Snap shot by Pierre-Alexandre Parenteau.
9:55 of 2nd period - Stopped by Niklas Backstrom without a rebound.
9:56 of 2nd period - Ryan Nugent-Hopkins wins face-off versus Tyler Toffoli in Monarchs zone.
10:07 of 2nd period - Wrist shot by Pierre-Alexandre Parenteau.
10:07 of 2nd period - Shot Misses the Net.
10:17 of 2nd period - Snap shot by Connor Brown.
10:17 of 2nd period - Shot Blocked by David Fischer.
10:19 of 2nd period - Slapshot by Connor Brown.
10:19 of 2nd period - Shot Misses the Net.
10:21 of 2nd period - Wrist shot by Tyler Toffoli.
10:21 of 2nd period - Shot Misses the Net.
10:43 of 2nd period - Wrist shot by Pierre-Alexandre Parenteau.
10:43 of 2nd period - Shot Blocked by Ty Wishart.
10:51 of 2nd period - David Fischer is hit by Tyler Toffoli and loses puck.
11:06 of 2nd period - Wrist shot by Connor Brown.
11:06 of 2nd period - Stopped by Connor Hellebyuk without a rebound.
11:07 of 2nd period - Tom Pyatt wins face-off versus Jay Beagle in Thunder zone.
11:18 of 2nd period - Snap shot by Jay Beagle.
11:18 of 2nd period - Shot Misses the Net.
11:32 of 2nd period - Cam Atkinson is hit by Austin Wuthrich.
11:56 of 2nd period - Wrist shot by Cam Atkinson.
11:56 of 2nd period - Stopped by Connor Hellebyuk with a rebound.
11:58 of 2nd period - Slapshot by Alec Martinez.
11:58 of 2nd period - Stopped by Connor Hellebyuk without a rebound.
11:59 of 2nd period - Chris Tierney wins face-off versus Mike Hoffman in Thunder zone.
12:08 of 2nd period - Slapshot by Chris Tierney.
12:08 of 2nd period - Shot Blocked by Mike Hoffman.
13:26 of 2nd period - Snap shot by Mike Hoffman.
13:26 of 2nd period - Stopped by Niklas Backstrom without a rebound.
13:27 of 2nd period - Jay Beagle wins face-off versus Tom Pyatt in Monarchs zone.
13:38 of 2nd period - Mike Hoffman is hit by Cam Atkinson and loses puck.
14:33 of 2nd period - Wrist shot by Jay Beagle.
14:33 of 2nd period - Shot Blocked by Chris Tierney.
14:35 of 2nd period - Wrist shot by Jay Beagle.
14:35 of 2nd period - Shot Misses the Net.
14:46 of 2nd period - Off-side.
14:47 of 2nd period - Tom Pyatt wins face-off versus Daultan Leveillé in neutral zone.
15:00 of 2nd period - Slapshot by Cam Atkinson.
15:00 of 2nd period - Stopped by Connor Hellebyuk with a rebound.
15:02 of 2nd period - Wrist shot by Teuvo Teravainen.
15:02 of 2nd period - Shot Misses the Net.
15:54 of 2nd period - Wrist shot by Boone Jenner.
15:54 of 2nd period - Shot Misses the Net.
15:56 of 2nd period - Snap shot by Hampus Lindholm.
15:56 of 2nd period - Deflect By Dany Roussin.
15:56 of 2nd period - Stopped by Connor Hellebyuk without a rebound.
15:57 of 2nd period - Ryan Nugent-Hopkins wins face-off versus Boone Jenner in Thunder zone.
15:59 of 2nd period - Minor Penalty to Ryan Nugent-Hopkins for Hooking.
16:00 of 2nd period - Tyler Toffoli wins face-off versus Scott Parse in Thunder zone.
16:02 of 2nd period - Snap shot by Teuvo Teravainen.
16:02 of 2nd period - Stopped by Connor Hellebyuk with a rebound.
16:04 of 2nd period - Snap shot by Teuvo Teravainen.
16:04 of 2nd period - Shot Misses the Net.
16:08 of 2nd period - Slapshot by Hampus Lindholm.
16:08 of 2nd period - Shot Blocked by Dany Roussin.
16:10 of 2nd period - Wrist shot by Connor Brown.
16:10 of 2nd period - Shot Misses the Net.
16:12 of 2nd period - Slapshot by Tyler Toffoli.
16:12 of 2nd period - Goal by Tyler Toffoli - Monarchs : 3 - Thunder : 1.
16:13 of 2nd period - Ryan Nugent-Hopkins wins face-off versus Tom Pyatt in neutral zone.
16:15 of 2nd period - Off-side.
16:16 of 2nd period - Ryan Nugent-Hopkins wins face-off versus Tom Pyatt in neutral zone.
16:55 of 2nd period - Icing by David Fischer.
16:56 of 2nd period - Jay Beagle wins face-off versus Chris Tierney in Thunder zone.
18:09 of 2nd period - Igor Makarov is hit by Pierre-Alexandre Parenteau and loses puck.
19:23 of 2nd period - Wrist shot by Eric Wellwood.
19:23 of 2nd period - Stopped by Connor Hellebyuk without a rebound.
19:24 of 2nd period - Ryan Nugent-Hopkins wins face-off versus Tyler Toffoli in Thunder zone.
19:39 of 2nd period - Backhand shot by Tyler Toffoli.
19:39 of 2nd period - Stopped by Connor Hellebyuk without a rebound.
19:40 of 2nd period - Tom Pyatt wins face-off versus Ryan Nugent-Hopkins in Thunder zone.
19:53 of 2nd period - Slapshot by Teuvo Teravainen.
19:53 of 2nd period - Shot Blocked by Pierre-Alexandre Parenteau.
Goals for this period are 3 for Monarchs vs 0 for Thunder.
Shots for this period are 21 for Monarchs vs 14 for Thunder.

3rd period


0:01 of 3rd period - Ryan Nugent-Hopkins wins face-off versus Tyler Toffoli in neutral zone.
0:06 of 3rd period - Eric Wellwood is hit by Ryan Nugent-Hopkins and loses puck.
0:35 of 3rd period - Wrist shot by Igor Makarov.
0:35 of 3rd period - Goal by Igor Makarov - Monarchs : 4 - Thunder : 1.
0:36 of 3rd period - Tom Pyatt wins face-off versus Ryan Nugent-Hopkins in neutral zone.
0:45 of 3rd period - Snap shot by Cam Atkinson.
0:45 of 3rd period - Deflect By Teuvo Teravainen.
0:45 of 3rd period - Deflect By David Fischer.
0:45 of 3rd period - Shot Misses the Net.
0:45 of 3rd period - Puck is out of play.
0:46 of 3rd period - Tom Pyatt wins face-off versus Ryan Nugent-Hopkins in Thunder zone.
2:21 of 3rd period - Slapshot by Ryan Nugent-Hopkins.
2:21 of 3rd period - Shot Misses the Net.
2:57 of 3rd period - Wrist shot by Cam Atkinson.
2:57 of 3rd period - Stopped by Connor Hellebyuk without a rebound.
2:58 of 3rd period - Jay Beagle wins face-off versus Tyler Toffoli in Thunder zone.
2:58 of 3rd period - Jay Beagle is hit by Matt Tennyson.
3:24 of 3rd period - Igor Makarov is hit by Daultan Leveillé and loses puck.
3:34 of 3rd period - Wrist shot by Daultan Leveillé.
3:34 of 3rd period - Shot Blocked by Igor Makarov.
3:36 of 3rd period - Snap shot by Dany Roussin.
3:36 of 3rd period - Stopped by Niklas Backstrom without a rebound.
3:37 of 3rd period - Eric Wellwood wins face-off versus Zach Stepan in Monarchs zone.
3:52 of 3rd period - Snap shot by Tyler Toffoli.
3:52 of 3rd period - Shot Hit the Post.
4:02 of 3rd period - Ty Wishart is hit by Brett Festerling and loses puck.
4:55 of 3rd period - Snap shot by Brock Nelson.
4:55 of 3rd period - Shot Misses the Net.
5:43 of 3rd period - Slapshot by Boone Jenner.
5:43 of 3rd period - Shot Misses the Net.
6:15 of 3rd period - Minor Penalty to Ty Wishart for Hooking.
6:16 of 3rd period - Riley Cote wins face-off versus Ryan Nugent-Hopkins in Monarchs zone.
6:49 of 3rd period - Snap shot by Dany Roussin.
6:49 of 3rd period - Stopped by Niklas Backstrom without a rebound.
6:50 of 3rd period - Daultan Leveillé wins face-off versus Cam Atkinson in Monarchs zone.
8:15 of 3rd period - Penalty to Ty Wishart is over, Ty Wishart is back on ice.
8:52 of 3rd period - Snap shot by Brock Nelson.
8:52 of 3rd period - Shot Misses the Net.
9:25 of 3rd period - Off-side.
9:26 of 3rd period - Zach Stepan wins face-off versus Tom Pyatt in neutral zone.
9:39 of 3rd period - Teuvo Teravainen is hit by Dany Roussin and loses puck.
9:50 of 3rd period - Snap shot by Jay Beagle.
9:50 of 3rd period - Stopped by Niklas Backstrom without a rebound.
9:51 of 3rd period - Jay Beagle wins face-off versus Connor Brown in Monarchs zone.
10:00 of 3rd period - Slapshot by Mike Hoffman.
10:00 of 3rd period - Stopped by Niklas Backstrom without a rebound.
10:01 of 3rd period - Tyler Toffoli wins face-off versus Pierre-Alexandre Parenteau in Monarchs zone.
10:36 of 3rd period - Jay Beagle is hit by Igor Makarov and loses puck.
10:55 of 3rd period - Wrist shot by Boone Jenner.
10:55 of 3rd period - Stopped by Connor Hellebyuk with a rebound.
10:57 of 3rd period - Snap shot by Anthony Peluso.
10:57 of 3rd period - Shot Misses the Net.
11:09 of 3rd period - Minor Penalty to Jared Staal for Hooking.
11:10 of 3rd period - Tyler Toffoli wins face-off versus Scott Parse in Thunder zone.
13:09 of 3rd period - Penalty to Jared Staal is over, Jared Staal is back on ice.
14:22 of 3rd period - Anthony Peluso is hit by Daultan Leveillé and loses puck.
14:35 of 3rd period - Jay Beagle is hit by Connor Brown and loses puck.
15:42 of 3rd period - Eric Wellwood is hit by Ryan Nugent-Hopkins.
16:38 of 3rd period - Slapshot by Brett Festerling.
16:38 of 3rd period - Shot Blocked by Tom Pyatt.
17:39 of 3rd period - Icing by Brandon Saad.
17:40 of 3rd period - Jay Beagle wins face-off versus Cam Atkinson in Thunder zone.
17:45 of 3rd period - Slapshot by Joey Ryan.
17:45 of 3rd period - Shot Misses the Net.
17:47 of 3rd period - Slapshot by Joey Ryan.
17:47 of 3rd period - Shot Misses the Net.
17:49 of 3rd period - Slapshot by Joey Ryan.
17:49 of 3rd period - Stopped by Niklas Backstrom without a rebound.
17:50 of 3rd period - Ryan Nugent-Hopkins wins face-off versus Connor Brown in Monarchs zone.
17:51 of 3rd period - Slapshot by Pierre-Alexandre Parenteau.
17:51 of 3rd period - Stopped by Niklas Backstrom with a rebound.
17:57 of 3rd period - Adam Larsson is hit by Morgan Rielly and loses puck.
19:25 of 3rd period - Slapshot by Connor Brown.
19:25 of 3rd period - Shot Misses the Net.
19:30 of 3rd period - Minor Penalty to Pierre-Alexandre Parenteau for Roughing.
19:31 of 3rd period - Tyler Toffoli wins face-off versus Scott Parse in Thunder zone.
19:57 of 3rd period - Scott Parse is hit by Chris Tierney and loses puck.
Goals for this period are 1 for Monarchs vs 0 for Thunder.
Shots for this period are 3 for Monarchs vs 6 for Thunder.